 Dungeon Crawl Stone Soup version 0.26-a0-651-gb41185065b (webtiles) character file.

Game seed: 12521809167499723402

60 Matador8 the Conjurer (level 3, 26/26 HPs)
             Began as a Draconian Conjurer on Apr 23, 2020.
             Quit the game on level 2 of the Dungeon on Apr 24, 2021.
             The game lasted 00:07:24 (1040 turns).

Matador8 the Conjurer (Draconian Conjurer)          Turns: 1040, Time: 00:07:25

Health: 26/26      AC:  6    Str: 10    XL:     3   Next: 82%
Magic:  7/7        EV: 12    Int: 16    God:
Gold:   68         SH:  0    Dex: 11    Spells: 7/8 levels left

rFire    . . .     SeeInvis .   c - +0 dagger (holy)
rCold    . . .     Faith    .   (no shield)
rNeg     . . .     Spirit   .   (armour unavailable)
rPois    .         Reflect  .   (helmet restricted)
rElec    .         Harm     .   h - +0 cloak
rCorr    .         Rampage  .   (no gloves)
MR       .....                  (no boots)
Stlth    ++........             (no amulet)
HPRegen  0.08/turn              (no ring)
MPRegen  0.10/turn              (no ring)

@: no status effects
A: unfitting armour, cold-blooded, AC +5
a: no special abilities


You were on level 2 of the Dungeon.
You visited 1 branch of the dungeon, and saw 2 of its levels.

You collected 68 gold pieces.

Inventory:

Hand Weapons
 c - a +0 dagger of holy wrath (weapon)
Armour
 g - a +0 kite shield
 h - a +0 cloak (worn)
Jewellery
 d - an uncursed ring of flight {unknown}
 f - an uncursed ring of magical power {unknown}
 l - an uncursed ring of stealth {unknown}
 m - an uncursed amulet of gourmand
Scrolls
 a - 2 scrolls of identify {unknown}
 i - a scroll of amnesia {unknown}
 j - a scroll of fog {unknown}
Potions
 e - 5 potions of curing {unknown}
Comestibles
 b - 3 removed foods
 k - a removed food


   Skills:
 - Level 1.7 Dodging
 - Level 1.7 Stealth
 + Level 3.1 Spellcasting
 + Level 4.8 Conjurations


You had 7 spell levels left.
You knew the following spells:

 Your Spells              Type           Power        Failure   Level
a - Magic Dart            Conj           ###.         2%          1

Your spell library contained the following spells:

 Spells                   Type           Power        Failure   Level
 Searing Ray              Conj           ###...       3%          2
 Dazzling Flash           Conj/Hex       ##....       21%         3
 Fulminant Prism          Conj/Hex       ##........   56%         4
 Iskenderun's Mystic Bla  Conj/Tloc      ##......     56%         4


Dungeon Overview and Level Annotations

Branches:
Dungeon (2/15)

Altars:
Ashenzari
Hepliaklqana

Annotations:
D:2 Natasha


Innate Abilities, Weirdness & Mutations

Your plain brown scales are hard. (AC +5)
You cannot fit into any form of body armour.
You are cold-blooded and may be slowed by cold attacks.


Message History

k - 2 chunks of flesh (gained 1)
You see here a frilled lizard skeleton.
You are feeling hungry.
Eat one of 2 chunks of flesh? (ye/n/q)
You eat one of the 2 chunks of flesh.
This raw flesh tastes terrible.
m - a dented ruby amulet
Found a stone staircase leading down.
A worker ant comes into view.
The worker ant twitches its antennae in your direction.
Natasha, Servant of Life and Death comes into view.
Level annotation: Natasha Welcome back, Matador8 the Draconian Conjurer.
Press ? for a list of commands and other information.
Level annotation: Natasha Welcome back, Matador8 the Draconian Conjurer.
Press ? for a list of commands and other information.
Level annotation: Natasha Welcome back, Matador8 the Draconian Conjurer.
Press ? for a list of commands and other information.
Are you sure you want to abandon this character and quit the game? (Confirm with "yes".)

#............# .#
##.....
#.#.#..####..##.#
##.###
#.#.#...###.....#
#.#
................#
#.#
#.#.#...####.##.#
#.# #.#.#..## #.#
#.# . #..# ###.#
..# .#
#..###...## .##
#. #..##.>.@.# .
...h......#
###.##.....# #
##..... ######.
a. .# .#


You could see a worker ant and Natasha (wandering).

Vanquished Creatures
  Natasha (D:2)
  An adder (D:2)
  An ooze (D:1)
  A giant cockroach (D:2)
  2 goblins
  A hobgoblin (D:1)
  6 kobolds
  A ball python (D:1)
  6 bats
  2 frilled lizards
  2 rats (D:1)
24 creatures vanquished.

Notes
Turn   | Place    | Note
-------+----------+-------------------------------------------
     0 | D:1      | Matador8 the Draconian Conjurer began the quest for the
                  | Orb.
     0 | D:1      | Reached XP level 1. HP: 14/14 MP: 3/3
   249 | D:1      | Reached XP level 2. HP: 20/20 MP: 1/5
   718 | D:2      | Noticed Natasha
   728 | D:2      | Killed Natasha
   728 | D:2      | Reached XP level 3. HP: 26/26 MP: 0/7
   888 | D:2      | Found a shattered altar of Ashenzari.
   893 | D:2      | Found a hazy altar of Hepliaklqana.
  1039 | D:2      | Noticed Natasha
  1040 | D:2      | Upgraded the game from 0.25-a0-834-g55863b0b92 to
                  | 0.26-a0-651-gb41185065b
  1040 | D:2      | Quit the game

Illustrated notes

Levels and vault maps discovered:
D:1:      onia_arrival_pyramid, layout_basic
D:2:      layout_loops_ring, minitemple, uniq_natasha

Skill      XL: |  1  2  3 |
---------------+----------+-----
Spellcasting   | 3 |  3.1
Dodging        | |  1.7
Stealth        | |  1.7
Conjurations   | |  4.8

Action                   || total
-------------------------++-------
Melee: Dagger            ||    26
       Tailslap          ||     1
 Cast: Magic Dart        ||    33
 Stab: Sleeping          ||     2
  Eat: Removed food      ||     1
Armor: Skin              ||    15
Dodge: Dodged            ||    18

Table legend: (Time is in decaauts)
 A = Elapsed time spent in this place.
 B = Non-inter-level travel time spent in this place.
 C = Inter-level travel time spent in this place.
 D = Time resting spent in this place.
 E = Time spent auto-exploring this place.
 F = Levels seen in this place.
 G = Mean time per level.
                   A        B        C        D        E       F      G
               +--------+--------+--------+--------+--------+-----+--------+
         Total |   1044 |    991 |     53 |     51 |    562 |   2 |  522.0 |
       Dungeon |   1044 |    991 |     53 |     51 |    562 |   2 |  522.0 |
               +--------+--------+--------+--------+--------+-----+--------+
